 Dungeon Crawl Stone Soup version 0.18.1-6-gd335043 (webtiles) character file.

10530 Gorice the Carver (level 11, -7/89 HPs)
             Began as a Human Fighter on May 18, 2016.
             Was an Elder of the Shining One.
             Mangled by a hill giant
             ... wielding a +0 giant spiked club
              (23 damage)
             ... on level 10 of the Dungeon on May 19, 2016.
             The game lasted 00:57:11 (14376 turns).

Gorice the Carver (Human Fighter)                  Turns: 14376, Time: 00:57:11

Health: -7/89      AC: 19    Str: 20    XL:     11   Next: 94%
Magic:  11/11      EV:  6    Int:  8    God:    the Shining One [****..]
Gold:   625        SH:  5    Dex: 11    Spells: 0 memorised, 10 levels left

rFire  . . .     SeeInvis .     a - +1 great sword
rCold  . . .     Gourm    .     l - +0 plate armour
rNeg   + + .     Faith    .     (shield currently unavailable)
rPois  .         Spirit   .     (no helmet)
rElec  .         Dismiss  .     S - +1 cloak
rCorr  .         Reflect  +     u - +0 pair of gloves
SustAt .         Harm     .     O - +0 pair of boots
MR     +....                    P - +5 amulet of reflection
Stlth  ..........               L - ring of protection from magic
                                r - -2 ring of dexterity (curse)

@: about to teleport, glowing, somewhat resistant to hostile enchantments,
extremely unstealthy
A: no striking features
a: Divine Shield, Cleansing Flame, Renounce Religion


You were on level 10 of the Dungeon.
You worshipped the Shining One.
The Shining One was greatly pleased with you.
You were not hungry.

You visited 4 branches of the dungeon, and saw 14 of its levels.
You also visited: Sewer.

You collected 798 gold pieces.
You spent 173 gold pieces at shops.

Inventory:

Hand Weapons
 a - a +1 great sword (weapon)
 w - a +2 falchion of holy wrath
   (You took it off an orc on level 6 of the Dungeon)
Missiles
 Y - 4 javelins of penetration
 Z - 244 stones (quivered)
Armour
 l - a +0 plate armour (worn)
 u - a +0 pair of gloves (worn)
 O - a +0 pair of boots (worn)
 S - a +1 cloak (worn)
Jewellery
 r - a cursed -2 ring of dexterity (left hand)
 L - a ring of protection from magic (right hand)
 P - a +5 amulet of reflection (around neck)
Wands
 b - a wand of flame (9/48)
 g - a wand of digging (15/24)
 q - a wand of acid (1/15)
 t - a wand of digging (22/24)
 v - a wand of iceblast (7/15)
 Q - a wand of flame (1/48)
 R - a wand of acid (7/15)
Scrolls
 m - a scroll of identify
 p - 3 scrolls of teleportation {!r}
 s - 2 scrolls of fog
 x - a scroll of fear {!r}
 z - 2 scrolls of torment {unknown}
 C - 5 scrolls of remove curse
Potions
 d - a potion of might {!q}
 e - 5 potions of curing
 h - 2 potions of flight {unknown}
 i - 3 potions of haste {!q}
 j - 3 potions of invisibility {unknown}
 N - a potion of lignification {!q}
Miscellaneous
 o - a legendary deck of escape
 y - a sack of spiders {used: 1}
Comestibles
 c - 9 fruits
 f - 9 bread rations {!e}
 k - a slice of pizza
 n - 10 chunks of flesh


   Skills:
 + Level 9.0 Fighting
 + Level 12.9 Long Blades
 + Level 9.6 Armour
   Level 3.0 Shields


You had 10 spell levels left.
You didn't know any spells.

Dungeon Overview and Level Annotations

Branches:
Dungeon (10/15)            Temple (1/1) D:6            Lair (2/8) D:9
    Orc (1/2) D:9

Altars:
Ashenzari
Cheibriados
Dithmenos
Elyvilon
Gozag
Kikubaaqudgha
Makhleb
Nemelex Xobeh
Okawaru
Pakellas
Qazlal
Ru
Sif Muna
Trog
Vehumet
Xom
Yredelemnul
Zin
The Shining One

Shops:
D:6 *

Annotations:
D:8 pUX: FE ghost!, tyrsky's ghost, novice HEFE
Lair:2 poss vpUX: 7hhydra!


Message History

You barely miss the yak.
The yak is heavily wounded.
The yak gores you. x2
Damage: 12 (max 12)
The yak gores you but does no damage.
You slice the yak!!
The yak is severely wounded.
The yak gores you but does no damage.
You slice the yak!!
You kill the yak!
Your Fighting skill increases to level 9!
You slash the hill giant!
The hill giant is moderately wounded.
The hill giant hits you with a giant spiked club!!
Damage: 20 (max 20)
You slash the yak!
The yak is almost dead.
The yak gores you!
Damage: 9 (max 20)
The hill giant barely misses you.
You slash the yak!
You kill the yak!
You slash the hill giant!
The hill giant is moderately wounded.
You block the hill giant's attack.
You hit the hill giant.
The hill giant is moderately wounded.
The hill giant hits you with a giant spiked club!
Damage: 8 (max 20)
You slash the hill giant!
The hill giant is severely wounded.
You hit the hill giant.
The hill giant is severely wounded.
The hill giant hits you with a giant spiked club!
* * * LOW HITPOINT WARNING * * *
Damage: 11 (max 20)
You hit the hill giant.
The hill giant is severely wounded.
The hill giant hits you with a giant spiked club!!
* * * LOW HITPOINT WARNING * * *
Damage: 21 (max 21) Drink which item? (? for menu, Esc to quit)
Okay, then.
You see here a scale mail.
Read which item? (? for menu, Esc to quit)
Really read
p - 4 scrolls of teleportation {!r}?
As you read the scroll of teleportation {!r}, it crumbles to dust.
You feel strangely unstable.
The hill giant hits you with a giant spiked club!!
You die...

#......#.....†............#.
########.....####...##....#
#....#....##.....#########....#
#....#....#...........[..#....#
#....+....#..............#....#
#....#....#..............#....#
#....##...##.......##...###+###.
#....##...########+##†..#.......
#....#.........@C.......+.......
#....'..................#.......
#....#..................#.......
#....####.####....#####+#.......
#....####.####....# .........
#.................# .......<.
#.................# .........
#................[#......#####..
#......##...#######... .+..


You could see a hill giant.

Vanquished Creatures
  A hill giant (D:10)
  A cyclops (Orc:1)
  2 black mambas (Lair:2)
  5 komodo dragons
  A spriggan (D:7)
  3 hippogriffs
  A basilisk (Lair:1)
  13 yaks
  A hungry ghost (D:9)
  Duvessa (D:4)
  3 water moccasins
  2 orc warriors
  Purgy (Sewer)
  A black bear (D:6)
  4 sky beasts
  2 ice beasts
  2 wasps (D:9)
  3 ogres
  3 crocodiles
  A big kobold (D:10)
  7 giant frogs
  A gnoll sergeant (D:7)
  A wyvern skeleton (D:9)
  4 scorpions
  Dowan (D:4)
  4 wights
  An electric eel (Lair:1)
  3 crimson imps
  2 giant frog zombies
  2 hounds (D:6)
  3 orc priests
  2 centaur zombies (D:7)
  2 giant frog skeletons
  A centaur skeleton (D:9)
  6 iguanas
  14 orc wizards
  7 worker ants
  5 sheep
  3 hound skeletons
  2 worker ant zombies
  A howler monkey skeleton (D:7)
  9 gnolls
  6 adders
  35 river rats
  2 shadow imps
  An ooze (D:2)
  An adder zombie (D:7)
  5 worms
  2 dart slugs
  8 giant geckos
  25 orcs
  3 ball pythons (D:2)
  10 bats
  10 giant cockroaches
  11 goblins
  9 hobgoblins
  18 jackals
  3 quokkas
  A giant gecko zombie (D:8)
  3 giant newts
  A jackal skeleton (D:6)
  11 kobolds
  7 rats
  A spectral orc (D:4)
  A butterfly (Lair:1)
  A plant (D:2)
307 creatures vanquished.

Vanquished Creatures (others)
  A fungus (Lair:2)
  4 plants (Lair:1)
5 creatures vanquished.

Grand Total: 312 creatures vanquished

Notes
Turn   | Place    | Note
--------------------------------------------------------------
     0 | D:1      | Gorice the Human Fighter began the quest for the Orb.
     0 | D:1      | Reached XP level 1. HP: 18/18 MP: 1/1
   120 | D:1      | Reached XP level 2. HP: 15/24 MP: 2/2
   420 | D:1      | Reached skill level 3 in Long Blades
   749 | D:1      | Reached XP level 3. HP: 29/29 MP: 3/3
  1104 | D:2      | Noticed a moth of wrath
  1107 | D:2      | Found a bloodstained altar of Trog.
  1555 | D:2      | Found a glowing silver altar of Zin.
  1555 | D:2      | Found a white marble altar of Elyvilon.
  1556 | D:2      | Found a glowing golden altar of the Shining One.
  1567 | D:2      | Became a worshipper of the Shining One
  1579 | D:2      | Reached skill level 4 in Long Blades
  1579 | D:2      | Reached XP level 4. HP: 23/35 MP: 4/4
  2098 | D:3      | Found a stormy altar of Qazlal.
  2253 | D:3      | Reached XP level 5. HP: 32/41 MP: 5/5
  2418 | D:3      | Reached skill level 5 in Long Blades
  2423 | D:3      | Found a glowing drain.
  2439 | Sewer    | Entered a sewer
  2549 | Sewer    | Noticed Purgy
  2564 | Sewer    | Killed Purgy
  2564 | Sewer    | Reached skill level 6 in Long Blades
  2564 | Sewer    | Reached XP level 6. HP: 47/47 MP: 6/6
  2767 | D:3      | Found a shattered altar of Ashenzari.
  3280 | D:4      | Noticed Dowan
  3281 | D:4      | Noticed Duvessa
  3466 | D:4      | Found a shimmering altar of Xom.
  3848 | D:4      | Killed Dowan
  4073 | D:4      | Killed Duvessa
  4073 | D:4      | Reached skill level 7 in Long Blades
  4073 | D:4      | Reached XP level 7. HP: 48/52 MP: 7/7
  4361 | D:4      | Found a basalt altar of Yredelemnul.
  4606 | D:5      | Entered Level 5 of the Dungeon
  4894 | D:5      | Reached skill level 8 in Long Blades
  4919 | D:5      | Reached * piety under the Shining One
  5296 | D:5      | Reached XP level 8. HP: 50/58 MP: 8/8
  5833 | D:6      | Reached skill level 9 in Long Blades
  6334 | D:6      | Found a staircase to the Ecumenical Temple.
  6354 | D:6      | Reached skill level 4 in Armour
  6487 | Temple   | Entered the Ecumenical Temple
  6859 | D:6      | HP: 10/58 [acid (14)]
  7264 | D:6      | Reached skill level 10 in Long Blades
  7419 | D:6      | Reached XP level 9. HP: 57/63 MP: 9/9
  7423 | D:6      | Found Hetiod's Assorted Antiques.
  7431 | D:6      | Bought 2 scrolls labeled CASEIR VITE for 44 gold pieces
  7431 | D:6      | Bought a blue potion for 19 gold pieces
  7436 | D:6      | Bought a scroll of teleportation for 66 gold pieces
  7436 | D:6      | Bought a scroll of identify for 44 gold pieces
  7671 | D:7      | Reached skill level 5 in Armour
  7685 | D:7      | Reached ** piety under the Shining One
  7800 | D:7      | Reached skill level 4 in Fighting
  8318 | D:7      | Found a burning altar of Makhleb.
  8319 | D:7      | Found a radiant altar of Vehumet.
  8338 | D:7      | Reached skill level 6 in Armour
  8371 | D:7      | Reached skill level 5 in Fighting
  8528 | D:8      | Noticed tyrsky's ghost (novice HEFE)
  8829 | D:8      | Found a snail-covered altar of Cheibriados.
  8849 | D:9      | Found a staircase to the Orcish Mines.
  8857 | D:9      | Reached XP level 10. HP: 61/74 MP: 10/10
  8859 | D:9      | Reached skill level 11 in Long Blades
  9059 | D:9      | Found a staircase to the Lair.
  9082 | D:9      | Reached *** piety under the Shining One
  9098 | D:9      | Reached skill level 6 in Fighting
  9330 | D:9      | Reached skill level 7 in Armour
  9352 | D:9      | Found a snail-covered altar of Cheibriados.
  9689 | Lair:1   | Entered Level 1 of the Lair of Beasts
  9871 | Lair:1   | HP: 18/77 [hippogriff (6)]
  9878 | Lair:1   | HP: 13/77 [iguana (9)]
 10192 | Lair:1   | Noticed a komodo dragon
 10284 | Lair:1   | Killed a komodo dragon
 10712 | Lair:1   | Reached skill level 7 in Fighting
 10937 | Lair:1   | Noticed a komodo dragon
 10943 | Lair:1   | Killed a komodo dragon
 10943 | Lair:1   | Reached skill level 12 in Long Blades
 10943 | Lair:1   | Reached skill level 8 in Armour
 11031 | Lair:1   | Reached XP level 11. HP: 81/84 MP: 11/11
 11508 | Orc:1    | Entered Level 1 of the Orcish Mines
 11608 | Orc:1    | Noticed a cyclops
 11729 | Orc:1    | Killed a cyclops
 12187 | Lair:2   | Reached skill level 8 in Fighting
 12707 | Lair:1   | Reached skill level 9 in Armour
 13240 | Lair:2   | Noticed a seven-headed hydra
 13968 | D:10     | Entered Level 10 of the Dungeon
 13968 | D:10     | Found a sacrificial altar of Ru.
 14052 | D:10     | Found a glowing golden altar of the Shining One.
 14199 | D:10     | Noticed a hill giant
 14208 | D:10     | Killed a hill giant
 14337 | D:10     | Noticed a hill giant
 14337 | D:10     | Reached **** piety under the Shining One
 14352 | D:10     | Reached skill level 9 in Fighting
 14370 | D:10     | HP: 14/89 [hill giant/giant spiked club (21)]
 14376 | D:10     | Mangled by a hill giant

Skill      XL: |  1  2  3  4  5  6  7  8  9 10 11 |
---------------+----------------------------------+-----
Long Blades    | 3 4 6 7 8 10 12 | 12.9
Armour         | 4 6 8 9 |  9.6
Fighting       | 5 7 9 |  9.0
Shields        | |  3.0

Action                   |  1- 3 |  4- 6 |  7- 9 | 10-12 || total
-------------------------+-------+-------+-------+-------++-------
Melee: Long sword        |   111 |   195 |   217 |       ||   523
       Great sword       |       |       |   136 |   398 ||   534
Throw: Stone             |       |    36 |    38 |    38 ||   112
       Javelin           |       |       |       |     2 ||     2
Evoke: Wand              |       |     1 |       |     7 ||     8
       Sack of spiders   |       |       |     1 |       ||     1
  Use: Scroll            |     1 |     8 |     9 |     8 ||    26
       Potion            |       |     2 |     2 |     2 ||     6
  Eat: Chunk             |     2 |     8 |    22 |    10 ||    42
       Beef jerky        |       |     1 |       |       ||     1
       Meat ration       |       |       |       |     1 ||     1
Armor: Scale mail        |    32 |    87 |    23 |       ||   142
       Chain mail        |       |       |   124 |   125 ||   249
       Plate armour      |       |       |       |    83 ||    83
Dodge: Dodged            |    51 |    91 |   105 |    88 ||   335
Block: Shield            |     7 |       |       |       ||     7
       Buckler           |    10 |    36 |    29 |       ||    75
       Other             |       |       |    25 |    89 ||   114
       Reflection        |       |       |     1 |       ||     1

Table legend:
 A = Turns spent in this place as a percentage of turns spent in the entire game.
 B = Non-inter-level travel turns spent in this place as a percentage of non-inter-level travel turns spent in the entire game.
 C = Inter-level travel turns spent in this place as a percentage of turns spent in this place.
 D = Turns resting spent in this place as a percentage of non-inter-level travel turns spent in this place.
 E = Turns spent auto-exploring this place as a percentage of non-inter-level travel turns spent in this place.
 F = Non-inter-level travel turns spent in this place divided by the number of levels of this place that you've seen.
                   A       B       C       D       E      F
               +-------+-------+-------+-------+-------+----------------------
         Total | 100.0 | 100.0 |   0.5 |   2.2 |   4.9 | 327.0
       Dungeon |  72.6 |  72.6 |   0.5 |   2.0 |   5.3 | 356.3
        Temple |   0.1 |   0.1 |  25.0 |   0.0 |  66.7 |   3.0
          Lair |  23.0 |  23.1 |   0.4 |   3.2 |   4.2 | 565.5
  Orcish Mines |   2.0 |   2.0 |   1.0 |   0.0 |   3.0 |  99.0
         Sewer |   2.2 |   2.2 |   0.0 |   1.8 |   0.0 | 109.0
               +-------+-------+-------+-------+-------+----------------------

Vault maps used:
D:1:      dpeg_arrival_houses_and_road
D:2:      good_gods_temple_1, tgw_trog, serial_forest,
          infiniplex_forest_clump_cross, infiniplex_forest_lined_2,
          infiniplex_forest_clump_long, infiniplex_forest_straight_4,
          infiniplex_forest_pool, infiniplex_forest_straight_5, minivault_4
D:3:      overflow_temple_1_default, lemuel_round_altar, gup_sewer_entry_pipe,
          minmay_surrounded
D:4:      yredelemnul_forgotten_temple_becter, marbit_many_paths, uniq_duvessa
D:5:      first_bread, hangedman_abyss_or_decor_lesser_grid, corner_web_ring,
          kennysheep_generic_room_10
D:6:      minmay_temple_entry_junction, serial_shops, shop
D:7:      minmay_flawed_box, grunt_temple_overflow_lords_of_destruction,
          kennysheep_pointless_box, the_bakery
D:8:      nicolae_overflow_crystal_walls, basic_altar, special_room, uniq_pikel,
          uniq_maurice
D:9:      cheibriados_altar_wand_db, dpeg_lair_monsters,
          kennysheep_generic_room_5
D:10:     serial_shops, nicolae_shop_overgrown_old_shop, basic_altar,
          nicolae_tso_carved_into_rock
Temple:   temple_eino_lava_8
Lair:1:   st_stairs_6, lemuel_fruit_fields, serial_bayou_shore_a
Sewer:    sewer_big_baddie
